Map: Traitor's Exile

Players

ĀĘŖŐ

  • Race: Terran Terran
  • Spawn Location: 9:00

HakaïShin

  • Race: Terran Terran
  • Spawn Location: 12:00

Eule - Winner!

  • Race: Terran Terran
  • League: Master
  • Spawn Location: 5:00

PureLegacy - Winner!

  • Race: Terran Terran
  • Spawn Location: 6:00

VOD

Have the link to the VOD?

Description

Time

  • Played on: Dec. 4, 2018, 6:58 p.m.
  • Length: 6:53
Show
View Real Time Build Order
Export as new Build Order

ĀĘŖŐ Terran 

Build Orders: 1/1/1, Liberator Opening 

Get SALT Encoding   

  12  0:01  SCV  
  13  0:13  SCV  
  14  0:19  Supply Depot  
  14  0:25  SCV  
  15  0:29  Refinery  
  15  0:40  SCV  
  16  0:47  Barracks  
  16  0:52  SCV  
  17  0:59  Refinery  
  17  1:05  SCV  
  18  1:17  SCV  
  20  1:34  Orbital Command  
  20  1:35  Reaper  
  20  1:40  Factory  
  20  1:50  Supply Depot  
  20  2:00  SCV  
  21  2:07  Reaper  
  22  2:12  SCV  
  23  2:24  Widow Mine  
  23  2:25  Starport  
  23  2:26  SCV  
  26  2:31  Supply Depot  
  25  2:45  SCV  
  25  2:46  Liberator, Factory Tech Lab  
  26  2:52  Reaper  
  26  2:58  SCV  
  31  3:16  SCV  
  31  3:19  Siege Tank  
  32  3:30  Marine  
  21  4:00  SCV  
  21  4:01  Siege Tank  
  25  4:17  SCV  
  19  4:42  SCV  
  20  4:54  SCV  
  12  5:11  SCV  
  12  5:14  Viking  
  14  5:24  SCV  
  15  5:36  SCV  
  16  6:01  Command Center  
  16  6:06  SCV  
  17  6:19  SCV  
  18  6:31  SCV  
Show
View Real Time Build Order
Export as new Build Order

HakaïShin Terran 

Build Orders: 1/1/1, Cyclone Opening 

Get SALT Encoding   

  12  0:01  SCV  
  13  0:13  SCV  
  14  0:18  Supply Depot  
  14  0:25  SCV  
  15  0:34  Refinery  
  15  0:40  SCV  
  16  0:46  Barracks  
  16  0:52  SCV  
  17  0:57  Refinery  
  17  1:04  SCV  
  18  1:16  SCV  
  19  1:33  Marine, Orbital Command  
  19  1:38  Factory  
  20  1:47  Supply Depot  
  20  1:52  Marine  
  21  1:58  SCV  
  22  2:10  Marine  
  22  2:11  SCV  
  24  2:21  Factory Tech Lab  
  24  2:23  Starport  
  24  2:26  SCV  
  24  2:28  Marine  
  26  2:38  SCV  
  26  2:40  Cyclone  
  30  2:47  Supply Depot  
  30  2:54  SCV  
  31  3:06  Supply Depot  
  31  3:08  Medivac  
  33  3:20  Cyclone  
  33  3:22  Barracks Reactor  
  33  3:25  SCV  
  37  3:28  Liberator  
  37  3:42  SCV  
  41  3:52  Cyclone  
  44  4:04  Command Center  
  44  4:14  Supply Depot, SCV  
  45  4:17  Supply Depot  
  45  4:26  SCV  
  46  4:48  SCV  
  47  4:58  Viking, Siege Tank  
  52  5:00  SCV  
  52  5:06  Factory  
  53  5:12  SCV  
  51  5:24  SCV  
  52  5:37  SCV  
  52  5:39  Command Center  
  53  5:46  Orbital Command  
  53  5:48  Starport Reactor  
  53  5:50  Hellion  
  53  5:51  Cyclone, Hellion  
  53  5:52  SCV  
  61  6:04  SCV  
  62  6:12  Hellion x2  
  62  6:17  SCV  
  67  6:28  SCV  
  67  6:29  SCV  
  64  6:40  SCV  
  64  6:41  SCV  
Show
View Real Time Build Order
Export as new Build Order

Eule Terran - Winner!

Build Orders: Hellion Opening, Mech 

Get SALT Encoding   

  12  0:01  SCV  
  13  0:13  SCV  
  14  0:19  Supply Depot  
  14  0:25  SCV  
  15  0:30  Refinery  
  15  0:40  SCV  
  16  0:47  Barracks  
  16  0:52  SCV  
  17  1:05  SCV  
  17  1:09  Refinery  
  18  1:17  SCV  
  19  1:35  Orbital Command  
  19  1:39  Factory  
  19  1:44  Barracks Reactor  
  19  1:48  Supply Depot  
  19  2:01  SCV  
  20  2:07  Factory  
  20  2:13  SCV  
  21  2:26  SCV  
  22  2:31  Hellion x2  
  26  2:37  Barracks Tech Lab  
  26  2:38  SCV  
  26  2:42  Supply Depot  
  27  2:52  Hellion  
  27  2:53  Hellion  
  31  3:06  Factory  
  31  3:14  Hellion x2  
  35  3:38  Hellion x2  
  33  3:43  Cyclone, Mag-Field Accelerator  
  36  3:52  Factory Tech Lab  
  36  3:58  Supply Depot  
  36  4:04  Hellion  
  36  4:07  Supply Depot, SCV  
  39  4:19  Cyclone  
  39  4:20  Hellion  
  44  4:24  Cyclone  
  47  4:41  Command Center  
  47  4:46  Hellion  
  29  5:18  Cyclone  
  29  5:19  Hellion  
  31  5:25  SCV  
  30  5:37  SCV  
  31  5:46  Cyclone  
  31  5:49  SCV  
  35  5:53  Orbital Command  
  35  6:02  Cyclone  
  38  6:10  SCV  
  39  6:20  Siege Tank  
  39  6:22  SCV  
  43  6:26  SCV  
  43  6:30  Hellion  
  46  6:34  SCV  
Show
View Real Time Build Order
Export as new Build Order

PureLegacy Terran - Winner!

Build Orders:  

Get SALT Encoding   

  12  0:07  SCV  
  13  0:19  SCV  
  14  0:24  Supply Depot  
  14  0:31  SCV  
  15  0:36  Refinery  
  15  0:46  SCV  
  15  0:49  Barracks  
  16  0:58  SCV  
  17  1:12  Barracks  
  17  1:21  Barracks  
  17  1:34  SCV  
  18  1:41  Reaper  
  19  1:48  Orbital Command  
  19  1:56  Refinery  
  19  2:00  Reaper  
  20  2:04  Supply Depot  
  20  2:13  Reaper  
  20  2:14  SCV  
  22  2:21  Reaper  
  23  2:27  Supply Depot, SCV  
  24  2:32  Reaper  
  24  2:45  Reaper  
  25  2:52  SCV  
  25  2:55  Reaper  
  27  3:04  Reaper, SCV  
  29  3:17  Reaper, Command Center  
  31  3:51  Barracks Reactor  
  31  3:52  Barracks Tech Lab, Barracks Reactor  
  28  3:55  Factory  
  28  3:59  SCV  
  29  4:11  SCV  
  29  4:16  Stimpack  
  28  4:25  Marine  
  28  4:30  Marine x4  
  31  4:41  Orbital Command  
  31  4:43  Marine, SCV  
  31  4:46  Factory Reactor, Starport  
  31  4:51  Marine x4  
  35  4:55  SCV  
  36  5:07  SCV  
  36  5:10  Marine x3  
  36  5:11  Marine x2  
  42  5:14  SCV  
  42  5:19  SCV  
  44  5:27  SCV  
  45  5:30  Medivac x2  
  45  5:31  SCV  
  45  5:35  Supply Depot  
  50  5:36  Supply Depot  
  50  5:42  Factory Tech Lab  
  50  5:43  SCV x2  
  52  5:59  SCV x2  
  52  6:02  Barracks  
  52  6:03  Engineering Bay  
  52  6:04  Medivac x2, Supply Depot  
  54  6:05  Barracks  
  54  6:11  SCV x2  
  60  6:26  Marine x5  
  60  6:30  SCV x2  
  60  6:31  Refinery  
  60  6:32  Refinery  
  76  6:47  Supply Depot  
  76  6:49  Supply Depot  
Tags
 
Add a new tag
Caveats
  • Supply blocks, unpowered buildings, or Contaminate may cause inaccurate times.
  • Supply counts are checked every 10 seconds.